 Dungeon Crawl Stone Soup version 0.29.0-5-ge4962eb29e (webtiles) character file.

Game seed: 6735883559689573756

135 yokelz the Chopper (level 5, -4/32 HPs)
             Began as a Gargoyle Wanderer on Aug 29, 2022.
             Slain by an ogre
             ... wielding a +0 giant club
              (11 damage)
             ... on level 4 of the Dungeon.
             The game lasted 00:02:59 (2594 turns).

yokelz the Chopper (Gargoyle Wanderer)              Turns: 2594, Time: 00:03:00

Health: -4/32      AC: 12    Str: 21    XL:     5   Next: 18%
Magic:  5/5        EV: 10    Int:  8    God:
Gold:   68         SH:  0    Dex: 10    Spells: 4/4 levels left

rFire   . . .      SeeInvis +   a - +3 hand axe
rCold   . . .      Faith    .   (no shield)
rNeg    + . .      Spirit   .   q - +0 ring mail
rPois   ∞          Reflect  .   i - +0 helmet
rElec   +          Harm     .   r - +1 cloak
rCorr   .          Rampage  .   (no gloves)
Will    .....                   (no boots)
Stlth   ..........              (no amulet)
HPRegen 0.10/turn               d - ring of see invisible
MPRegen 0.09/turn               (no ring)

@: no status effects
A: sickness immunity, AC +4, negative energy resistance 1, electricity
resistance, torment resistance 1, petrification resistance
a: no special abilities


You were on level 4 of the Dungeon.
You visited 1 branch of the dungeon, and saw 4 of its levels.

You collected 168 gold pieces.
You spent 100 gold pieces at shops.

Inventory:

Hand Weapons
 a - a +3 hand axe (weapon)
Missiles
 e - 5 atropa-tipped darts (quivered)
 s - 2 throwing nets
Armour
 i - a +0 helmet (worn)
 q - a +0 ring mail (worn)
 r - a +1 cloak (worn)
Jewellery
 d - a ring of see invisible (left hand)
Scrolls
 c - a scroll of amnesia {unknown}
 f - 2 scrolls of teleportation {unknown}
 j - a scroll of noise {unknown}
 l - a scroll of enchant weapon {unknown}
 p - a scroll of vulnerability {unknown}
Potions
 b - 4 potions of attraction
 g - a potion of lignification {unknown}
 h - a potion of berserk rage {unknown}
 k - 2 potions of might {unknown}
 m - a potion of heal wounds {unknown}
 n - a potion of curing {unknown}
 o - a potion of haste


   Skills:
 - Level 3.2 Fighting
 + Level 5.7 Axes
 - Level 2.0 Unarmed Combat
 - Level 1.0 Evocations


You had 4 spell levels left.
You didn't know any spells.
Your spell library contained the following spells:

 Spells                   Type           Power      Damage    Failure   Level
 Static Discharge         Conj/Air       0%         3-3/arc   73%         2
 Dispel Undead            Necr           0%         3d6       100%        4
 Sticky Flame             Conj/Fire      0%         2d3       100%        4


Dungeon Overview and Level Annotations

Branches:
Dungeon (4/15)
 Temple: D:4-7

Altars:
Fedhas
Vehumet

Shops:
D:3 !


Innate Abilities, Weirdness & Mutations

You are immune to sickness and miasma.
Your stone body is resilient. (AC +4)
You are immune to poison.
You resist negative energy. (rN+)
You are resistant to electric shocks. (rElec)
You are resistant to unholy torment.
You are immune to petrification.


Message History

The adder bites you but does no damage. The adder barely misses you.
You hit the adder.
The adder is heavily wounded.
The adder barely misses you.
You slash the adder!
You kill the adder!
You barely miss the ogre. The ogre hits you with a +0 giant club!
Unknown command.
You hit the ogre.
The ogre is lightly wounded.
The ogre closely misses you.
You barely miss the ogre.
The ogre is lightly wounded.
You closely miss the quokka. The quokka closely misses you.
The quokka barely misses you.
You hit the ogre.
The ogre is moderately wounded.
You miss the quokka. The ogre barely misses you. The quokka closely misses you.
You barely miss the ogre.
The ogre is moderately wounded.
You hit the quokka. The quokka misses you.
The ogre hits you but does no damage.
You barely miss the ogre.
The ogre is moderately wounded.
You barely miss the quokka.
The quokka bites you but does no damage.
You completely miss the ogre.
The ogre is moderately wounded.
You closely miss the quokka.
The quokka bites you but does no damage.
The ogre hits you with a +0 giant club!
* * * LOW HITPOINT WARNING * * *
The quokka barely misses you.
You slash the ogre!
The ogre is heavily wounded.
You barely miss the quokka. The quokka bites you.
* * * LOW HITPOINT WARNING * * *
The ogre hits you with a +0 giant club!
You die...

..........#.............
.......................#.
.........................
.........................
........<................
................!........
.[....#####.........?...#
......###.......O.......#
........#.......@r.......
....#..#.................
.#####.....##........<...
. #.#..#....).......#...
###....#............# #.
##.#....##.##.##.......
...))...##....#.###.#...
...##.#.......## .....
..##..##......# ..


You could see an ogre and a quokka.

Vanquished Creatures
  An orc wizard (D:4)
  Robin (D:2)
  3 adders
  A worm (D:2)
  2 dart slugs
  2 orcs (D:4)
  4 endoplasms
  5 giant cockroaches
  12 goblins
  11 hobgoblins
  2 kobolds (D:1)
  3 quokkas (D:1)
  4 ball pythons
  4 bats
  2 frilled lizards
  2 rats (D:3)
59 creatures vanquished.

Vanquished Creatures (others)
  A fungus (D:3)
  4 plants (D:3)
5 creatures vanquished.

Grand Total: 64 creatures vanquished

Notes
Turn   | Place    | Note
-------+----------+-------------------------------------------
     0 | D:1      | yokelz the Gargoyle Wanderer began the quest for the Orb.
     0 | D:1      | yokelz set off with the following items: a +3 hand axe, 2
                  | potions of attraction, a +0 leather armour.
     0 | D:1      | Reached XP level 1. HP: 14/14 MP: 1/1
   253 | D:1      | Reached skill level 4 in Axes
   253 | D:1      | Reached XP level 2. HP: 19/19 MP: 2/2
   559 | D:1      | Found a faded altar of an unknown god.
   923 | D:2      | Noticed Robin
   928 | D:2      | Reached XP level 3. HP: 20/23 MP: 3/3
   952 | D:2      | Killed Robin
  1148 | D:2      | Reached skill level 5 in Axes
  1148 | D:2      | Reached XP level 4. HP: 28/28 MP: 4/4
  1795 | D:3      | Found a blossoming altar of Fedhas.
  1831 | D:3      | Found Irif Lel's Distillery.
  1839 | D:3      | Bought a potion of haste for 100 gold pieces
  2278 | D:3      | Found a radiant altar of Vehumet.
  2504 | D:4      | Reached XP level 5. HP: 25/32 MP: 5/5
  2581 | D:4      | Noticed an ogre
  2594 | D:4      | Slain by an ogre

Illustrated notes

Levels and vault maps discovered:
D:1:      dpeg_arrival_boxorama, layout_basic,
          hellmonk_ecumenical_altar_pennies_from_heaven
D:2:      layout_loops_ring, uniq_robin
D:3:      layout_basic, fedhas_altar_3, fiery_altar_vehumet, serial_shops, shop,
          serial_bayou_crossing
D:4:      layout_cave_pools, lemuel_coloured_pillars_altar,
          mainiacjoe_overflow_alcove_4, grunt_decor_mini_mirrors,
          minmay_manual_maat

Skill      XL: |  1  2  3 |
---------------+----------+-----
Axes           | 4 5 |  5.7
Fighting       | |  3.2
Unarmed Combat | |  2.0
Evocations     | |  1.0

Action                   |  1- 3 |  4- 6 || total
-------------------------+-------+-------++-------
Melee: Hand axe          |    74 |    76 ||   150
Armor: Leather armour    |    38 |    18 ||    56
       Ring mail         |       |    13 ||    13
Dodge: Dodged            |    56 |    43 ||    99
